 Dungeon Crawl Stone Soup version 0.29.1-1-gd02db6906a (webtiles) character file.

Game seed: 15313868295253524271

300 masschaos23 the Trooper (level 6, -13/56 HPs)
             Began as a Hill Orc Fighter on Sept 25, 2022.
             Mangled by an orc warrior
             ... wielding a +0 battleaxe
              (15 damage)
             ... on level 4 of the Dungeon.
             The game lasted 00:03:20 (3264 turns).

masschaos23 the Trooper (Hill Orc Fighter)          Turns: 3264, Time: 00:03:20

Health: -13/56     AC:  9    Str: 21    XL:     6   Next: 36%
Magic:  6/6        EV:  9    Int:  8    God:
Gold:   194        SH:  5    Dex: 10    Spells: 5/5 levels left

rFire   . . .      SeeInvis .   a - +0 war axe
rCold   . . .      Faith    .   c - +1 buckler
rNeg    . . .      Spirit   .   b - +0 scale mail
rPois   .          Reflect  .   (no helmet)
rElec   .          Harm     .   (no cloak)
rCorr   .          Rampage  .   (no gloves)
Will    .....      Rnd*Tele +   (no boots)
Stlth   ..........              (no amulet)
HPRegen 0.18/turn               (no ring)
MPRegen 0.10/turn               (no ring)

@: no status effects
A: iridescent scales 1, teleportitis 1
a: no special abilities


You were on level 4 of the Dungeon.
You visited 1 branch of the dungeon, and saw 4 of its levels.

You collected 194 gold pieces.

Inventory:

Hand Weapons
 a - a +0 war axe (weapon)
Missiles
 e - 11 poisoned darts (quivered)
Armour
 b - a +0 scale mail (worn)
 c - a +1 buckler (worn)
 l - an orb of mayhem
Jewellery
 f - a ring of willpower
 o - a ring of positive energy
Scrolls
 g - a scroll of magic mapping
 j - 2 scrolls of teleportation
 k - 2 scrolls of enchant weapon {unknown}
 n - 2 scrolls of immolation
 p - a scroll of torment {unknown}
 r - a scroll of fear
 s - 2 scrolls of identify
Potions
 d - a potion of might
 h - a potion of invisibility
 i - a potion of ambrosia
 m - a potion of haste {unknown}
 q - a potion of brilliance {unknown}
 t - a potion of lignification {unknown}


   Skills:
 + Level 5.1 Fighting
 + Level 4.9 Axes
 + Level 4.7 Armour
 + Level 4.7 Shields


You had 5 spell levels left.
You didn't know any spells.
Your spell library contained the following spells:

 Spells                   Type           Power      Damage    Failure   Level
 Freeze                   Ice            0%         1d3       83%         1
 Frozen Ramparts          Ice            0%         1d1       99%         3
 Hailstorm                Conj/Ice       0%         3d3       100%        4


Dungeon Overview and Level Annotations

Branches:
Dungeon (4/15)
 Temple: D:4-7

Altars:
Gozag
Qazlal

Shops:
D:1 (


Innate Abilities, Weirdness & Mutations

You are partially covered in iridescent scales. (AC +2)
You are occasionally teleported next to monsters.


Message History

The orc wizard hits you with a +0 dagger.
The orc barely misses you.
You slash the orc wizard!
You kill the orc wizard!
You hit the orc. You hit the orc warrior.
The orc warrior hits you with a +0 battleaxe!
The orc hits you from afar with a +0 trident.
The orc hits you but does no damage.
There are monsters nearby!
Unknown command.
You barely miss the orc.
The orc is almost dead.
You closely miss the orc warrior. You block the orc warrior's attack.
The orc hits you from afar with a +0 trident.
You block the orc's attack.
There are monsters nearby!
You hit the orc.
You kill the orc!
You hit the orc warrior.
The orc warrior hits you with a +0 battleaxe!
You block the orc's attack.
Unknown command.
There are monsters nearby!
You are too injured to fight recklessly!
Unknown command.
There are monsters nearby!
You are too injured to fight recklessly!
You barely miss the orc warrior.
The orc warrior is severely wounded.
You block the orc warrior's attack.
The orc hits you from afar with a +0 trident.
* * * LOW HITPOINT WARNING * * *
The orc warrior hits you with a +0 battleaxe!
* * * LOW HITPOINT WARNING * * *
The orc hits you from afar with a +0 trident.
* * * LOW HITPOINT WARNING * * *
You barely miss the orc warrior.
The orc warrior is severely wounded.
The orc warrior hits you with a +0 battleaxe!
You die...

≈#####≈.≈#####≈...
#≈≈≈#≈.≈#≈≈≈#≈..>
#≈_......._≈#≈...
#≈≈≈#≈.≈#≈≈≈#≈...
≈#####≈.≈#####≈...
≈≈≈≈≈≈≈.≈≈≈≈≈≈≈###
#############.###.....##
#....o)...............'.
......o@.######.#.....##
......)).# #.#######
.........# #.#
.........# #.#
.........# #.#
.........# #.#
..######## #.#### ##
#....# ####.#


You could see an orc warrior and an orc.

Vanquished Creatures
  A bullfrog (D:4)
  2 orc wizards
  2 adders
  8 gnolls (D:4)
  An ufetubus (D:4)
  A worm (D:2)
  2 dart slugs
  7 orcs
  6 endoplasms
  4 giant cockroaches
  5 goblins
  5 hobgoblins
  7 kobolds
  5 quokkas
  9 ball pythons
  5 bats (D:1)
  3 frilled lizards
  4 rats
77 creatures vanquished.

Notes
Turn   | Place    | Note
-------+----------+-------------------------------------------
     0 | D:1      | masschaos23 the Hill Orc Fighter began the quest for the
                  | Orb.
     0 | D:1      | Reached XP level 1. HP: 19/19 MP: 1/1
    15 | D:1      | Found Avvuis Pudd's Antique Weapon Emporium.
   187 | D:1      | Reached XP level 2. HP: 22/27 MP: 2/2
   441 | D:1      | Reached skill level 4 in Fighting
   663 | D:1      | Reached XP level 3. HP: 32/33 MP: 3/3
   806 | D:1      | Found a faded altar of an unknown god.
  1219 | D:2      | You fall into a shaft and drop 1 floor!
  1275 | D:3      | Reached XP level 4. HP: 40/40 MP: 4/4
  2353 | D:3      | Gained mutation: You are partially covered in iridescent
                  | scales. (AC +2) [potion of mutation]
  2353 | D:3      | Gained mutation: You are occasionally teleported next to
                  | monsters. [potion of mutation]
  2385 | D:4      | Reached XP level 5. HP: 47/47 MP: 5/5
  2515 | D:4      | Reached XP level 6. HP: 29/55 MP: 6/6
  2595 | D:4      | Found a stormy altar of Qazlal.
  2595 | D:4      | Found an opulent altar of Gozag.
  2847 | D:4      | Reached skill level 5 in Fighting
  3252 | D:4      | Noticed an orc warrior
  3263 | D:4      | HP: 2/56 [orc/+0 trident (1)]
  3264 | D:4      | Mangled by an orc warrior

Illustrated notes

Levels and vault maps discovered:
D:1:      minmay_arrival_diagonal_passages, layout_loops_ring, serial_shops,
          shop_fountains, shapermc_ecumenical_altar_pompeii
D:2:      layout_rooms, uniq_jessica
D:3:      layout_basic
D:4:      layout_basic, nicolae_overflow_two_pavilions, minivault_4,
          chequers_serial_rivers_room_a, minmay_pentomino_pile

Skill      XL: |  1  2  3  4  5  6 |
---------------+-------------------+-----
Axes           | 3 4 |  4.9
Fighting       | 4 5 |  5.1
Shields        | 4 |  4.7
Armour         | 4 |  4.7

Action                   |  1- 3 |  4- 6 || total
-------------------------+-------+-------++-------
Melee: War axe           |   110 |   125 ||   235
  Use: Scroll            |       |     9 ||     9
       Potion            |       |     1 ||     1
Armor: Scale mail        |    54 |    44 ||    98
Dodge: Dodged            |    58 |    46 ||   104
Block: Buckler           |    20 |    35 ||    55
